 Dungeon Crawl Stone Soup version 0.29.0-11-gd7f09526c8 (webtiles) character file.

Game seed: 97726268033762053

82 kd29 the Ruffian (level 4, -1/35 HPs)
             Began as a Draconian Transmuter on Sept 5, 2022.
             Slain by an orc wizard
             ... wielding a +0 dagger
              (3 damage)
             ... on level 3 of the Dungeon.
             The game lasted 00:02:21 (2328 turns).

kd29 the Ruffian (Draconian Transmuter)             Turns: 2328, Time: 00:02:21

Health: -1/35      AC:  5    Str: 12    XL:     4   Next: 21%
Magic:  2/7        EV: 12    Int: 16    God:
Gold:   126        SH:  0    Dex: 11    Spells: 2/7 levels left

rFire   . . .      SeeInvis .     - Unarmed
rCold   . . .      Faith    .   (no shield)
rNeg    . . .      Spirit   .   (body armour unavailable)
rPois   .          Reflect  .   (helmet restricted)
rElec   .          Harm     .   (no cloak)
rCorr   .          Rampage  .   (no gloves)
Will    .....                   (no boots)
Stlth   +.........              (no amulet)
HPRegen 0.11/turn               (no ring)
MPRegen 0.10/turn               (no ring)

@: wereblooded, attractive, flying, very slightly contaminated, hasted, very
quick
A: AC +5, unfitting armour, cold-blooded
a: no special abilities


You were on level 3 of the Dungeon.
You visited 1 branch of the dungeon, and saw 3 of its levels.

You collected 126 gold pieces.

Inventory:

Scrolls
 c - a scroll of teleportation {unknown}
 d - 3 scrolls of identify {unknown}
 e - a scroll of magic mapping {unknown}
 i - a scroll of poison {unknown}
 j - a scroll of torment {unknown}
Potions
 a - 2 potions of lignification
 b - a potion of flight
 g - a potion of attraction
 h - a potion of curing {unknown}


   Skills:
 - Level 1.4 Fighting
 - Level 2.0 Dodging
 + Level 4.0 Unarmed Combat
 - Level 2.1 Spellcasting
 + Level 3.2 Transmutations


You had 2 spell levels left.
You knew the following spells:

 Your Spells              Type           Power      Damage    Failure   Level
a - Beastly Appendage     Tmut           24%        N/A       5%          1
b - Wereblood             Tmut           12%        N/A       9%          2
c - Passwall              Tmut/Erth      5%         N/A       16%         2

Your spell library contained the following spells:

 Spells                   Type           Power      Damage    Failure   Level
 Magic Dart               Conj           4%         1d3       21%         1
 Sandblast                Erth           2%         2d4       21%         1
 Call Imp                 Summ           1%         N/A       30%         2
 Ensorcelled Hibernation  Hex/Ice        2%         N/A       30%         2
 Spider Form              Tmut/Pois      6%         N/A       32%         3
 Dazzling Flash           Conj/Hex       2%         N/A       52%         3
 Mephitic Cloud           Conj/Pois/Air  1%         N/A       52%         3
 Stone Arrow              Conj/Erth      2%         3d7       52%         3
 Swiftness                Air            1%         N/A       52%         3
 Ice Form                 Ice/Tmut       6%         N/A       71%         4
 Iskenderun's Mystic Bla  Conj/Tloc      1%         2d3       90%         4
 Starburst                Conj/Fire      0%         6d3       100%        6


Dungeon Overview and Level Annotations

Branches:
Dungeon (3/15)

Altars:


Innate Abilities, Weirdness & Mutations

Your plain brown scales are hard. (AC +5)
You cannot fit into any form of body armour.
You are cold-blooded and may be slowed by cold attacks.


Message History

You howl as the wereblood boils in your veins!
The orc priest invokes the aid of Beogh against you.
You barely resist. The orc hits you but does no damage. Something hits you.
You barely miss the orc priest.
The orc priest is heavily wounded.
The orc priest looks encouraged for a moment.
Something hits you. The orc hits you but does no damage.
You barely miss the orc priest.
The orc priest is heavily wounded.
Your primal bloodlust has ended.
The orc priest hits you but does no damage.
The orc hits you with a +0 dagger.
* * * LOW HITPOINT WARNING * * *
Something hits you.
* * * LOW HITPOINT WARNING * * *
You punch the orc priest!
You kill the orc priest!
The orc barely misses you. Something hits you but does no damage.
Your Unarmed Combat skill increases to level 4!
Your Transmutations skill increases to level 3!
You have reached level 4!
You feel clever.
Casting: Beastly Appendage (safe; 5% risk of failure)
Confirm with . or Enter, or press ? or * to list all spells.
Your blood is infused with primal strength.
The orc closely misses you. Something hits you.
* * * LOW HITPOINT WARNING * * *
It was a potion of flight.
You feel very buoyant.
You fly up into the air.
The orc barely misses you. Something hits you but does no damage.
It was a potion of attraction.
You feel attractive to monsters. The orc hits you but does no damage.
Something hits you.
* * * LOW HITPOINT WARNING * * *
It was a potion of haste.
You feel yourself speed up. The orc hits you with a +0 dagger.
* * * LOW HITPOINT WARNING * * *
Something hits you.
You die...

.. ###........
...[..... .##
......... ..#
........# #.#
........# #)#
........###.#
..........)o####.#
.......<.[@{.......
..(.....##########.
........# #########


You could see an orc.

Vanquished Creatures
  An orc priest (D:3)
  2 gnolls (D:1)
  An orc (D:3)
  4 endoplasms
  3 goblins
  2 hobgoblins (D:2)
  2 quokkas
  6 ball pythons
  5 bats
  5 frilled lizards
  4 kobolds
  3 rats
38 creatures vanquished.

Vanquished Creatures (others)
  14 plants (D:1)
14 creatures vanquished.

Grand Total: 52 creatures vanquished

Notes
Turn   | Place    | Note
-------+----------+-------------------------------------------
     0 | D:1      | kd29 the Draconian Transmuter began the quest for the Orb.
     0 | D:1      | Reached XP level 1. HP: 16/16 MP: 3/3
    15 | D:1      | Reached XP level 2. HP: 19/23 MP: 3/5
   455 | D:1      | Learned a level 2 spell: Wereblood
   599 | D:1      | Reached XP level 3. HP: 28/28 MP: 4/6
  1212 | D:1      | Found a faded altar of an unknown god.
  1984 | D:2      | Learned a level 2 spell: Passwall
  2325 | D:3      | Reached skill level 4 in Unarmed Combat
  2325 | D:3      | Reached XP level 4. HP: 5/35 MP: 4/7
  2328 | D:3      | Slain by an orc wizard

Illustrated notes

Levels and vault maps discovered:
D:1:      scummos_arrival_forest, layout_basic,
          dilly_ecumenical_altar_fadedgnrine, dreamdust_wishing_well,
          minmay_cupped
D:2:      layout_basic, kennysheep_doodads, dk_noncrumbling_4, kennysheep_donut
D:3:      layout_loops_corners, kennysheep_orc_sif_temple,
          mainiacjoe_overflow_cross_hatched, nicolae_overflow_ecumenical_swirl,
          dk_noncrumbling_3

Skill      XL: |  1  2  3 |
---------------+----------+-----
Dodging        | 2 |  2.0
Unarmed Combat | 4 |  4.0
Transmutations | 3 |  3.2
Fighting       | |  1.4
Spellcasting   | |  2.1

Action                   |  1- 3 |  4- 6 || total
-------------------------+-------+-------++-------
Melee: Unarmed           |    92 |       ||    92
       Headbutt          |    10 |       ||    10
       Kick              |    15 |       ||    15
       Tailslap          |    11 |       ||    11
       Punch             |     1 |       ||     1
 Cast: Beastly Appendage |    30 |       ||    30
       Wereblood         |     1 |     1 ||     2
  Use: Potion            |       |     3 ||     3
Armor: Skin              |    28 |     2 ||    30
Dodge: Dodged            |    49 |     2 ||    51
